VANCOUVER vs COLORADO

Created - May-13-21 at 18:12

Goals
1 2 3 T
VANCOUVER 1 2 0 3
COLORADO 1 0 0 1
Shots
1 2 3 T
VANCOUVER 5 9 16 30
COLORADO 9 10 5 24

1st period

1. COLORADO , Ron Hainsey 8 (Pavel Buchnevich 19, Jonas Brodin 19) at 8:52
2. VANCOUVER , Alex Steen 3 (Colton Sissons 8, Riley Stillman 3) at 15:01

Penalties :
Dennis Gilbert (VAN) for Holding (Minor) at 2:32, Ron Hainsey (COL) for Hooking (Minor) at 15:38

2nd period

3. VANCOUVER , Nikolaj Ehlers 25 (Jakub Vrana 18, Petr Mrazek) at 2:45 (PP)
4. VANCOUVER , Jakub Vrana 20 (Nikolaj Ehlers 23, Sami Vatanen 26) at 13:53

Penalties :
Jonas Brodin (COL) for Roughing (Minor) at 1:30

3rd period

No Goal

Penalties :
David Krejci (COL) for Interference (Minor) at 0:29, Nick Schmaltz (VAN) for Delaying the game (Minor) at 4:25, Nazem Kadri (VAN) for Roughing (Minor) at 16:17

Goalie Stats

Petr Mrazek (VAN), 23 saves from 24 shots - (0.958), W, 27-34-5, 60:00 minutes
Carey Price (COL), 27 saves from 30 shots - (0.900), L, 38-21-8, 60:00 minutes

Players Stats for VANCOUVER

Player Name              G  A  P  +/- PIM S  H  SB GA TA FO     MP     PP MP  PK MP  
------------------------------------------------------------------------------------
Alex Steen               1  0  1   0  0   5  0  0  0  0  1/1    15:43   0:00   1:06 
Brian Boyle              0  0  0   0  0   0  0  0  0  0  0/0     5:00   0:00   0:32 
Colton Sissons           0  1  1   0  0   1  3  0  0  0  7/14   14:40   0:00   0:03 
Dennis Gilbert           0  0  0   0  2   0  2  0  0  0  0/0     3:04   0:00   0:00 
Erik Johnson             0  0  0  -1  0   4  4  0  0  0  0/0    21:38   3:38   2:33 
Hampus Lindholm          0  0  0   1  0   0  1  0  0  0  0/0    21:16   1:35   3:14 
Jakub Vrana              1  1  2   1  0   5  0  0  0  0  0/0    19:27   1:35   2:00 
Jonathan Huberdeau       0  0  0   0  0   1  1  0  0  0  2/2    20:48   3:38   3:17 
Kevin Labanc             0  0  0   0  0   3  0  0  0  0  0/0    14:37   0:00   0:00 
Luca Sbisa               0  0  0   1  0   0  0  1  0  0  0/0    14:01   0:00   0:10 
Mark Stone               0  0  0   0  0   3  3  1  0  0  4/12   24:55   3:38   2:56 
Matt Calvert             0  0  0   0  0   1  0  0  0  0  0/1     4:28   0:00   0:00 
Melker Karlsson          0  0  0   0  0   0  0  0  0  0  0/0     0:00   0:00   0:00 
Nazem Kadri              0  0  0   0  2   2  4  0  0  0  16/24  17:30   3:38   0:00 
Nick Schmaltz            0  0  0   1  2   0  0  0  0  0  12/26  17:26   1:35   0:00 
Nikolaj Ehlers           1  1  2   1  0   3  0  0  0  0  0/2    19:27   1:35   2:00 
Riley Stillman           0  1  1   1  0   0  2  0  0  0  0/0    13:51   0:00   0:00 
Ryan Ellis               0  0  0  -1  0   0  0  2  0  0  0/0    24:53   3:38   2:43 
Sami Vatanen             0  1  1   1  0   2  0  0  0  0  0/0    21:16   1:35   3:14 
Troy Brouwer             0  0  0   0  0   0  0  0  0  0  0/0     0:00   0:00   0:00 

Players Stats for COLORADO

Player Name              G  A  P  +/- PIM S  H  SB GA TA FO     MP     PP MP  PK MP  
------------------------------------------------------------------------------------
Artturi Lehkonen         0  0  0   1  0   0  0  0  0  0  0/0    19:18   3:10   0:00 
Brandon Carlo            0  0  0  -1  0   0  0  2  0  0  0/0    20:29   2:39   1:57 
Calvin de Haan           0  0  0  -1  0   1  1  0  0  0  0/0    20:29   2:39   1:57 
David Krejci             0  0  0  -1  2   1  2  0  0  0  9/16   15:29   0:00   0:49 
Dylan Larkin             0  0  0   1  0   2  0  0  0  0  15/29  24:13   2:25   3:32 
Frederic Allard          0  0  0   0  0   1  1  0  0  0  0/0     5:45   0:00   1:00 
John Moore               0  0  0  -1  0   0  2  0  0  0  0/0    14:08   0:44   0:00 
Jonas Brodin             0  1  1   1  2   1  2  2  0  0  0/0    20:28   3:18   2:23 
Kevin Stenlund           0  0  0   0  0   0  0  0  0  0  0/0     0:49   0:44   0:05 
Leo Komarov              0  0  0  -1  0   1  2  0  0  0  0/0    17:20   2:47   0:00 
Mattias Janmark          0  0  0  -1  0   3  1  0  0  0  0/0    14:57   0:00   0:16 
Mikko Koivu              0  0  0  -1  0   3  0  0  0  0  3/9    21:29   2:03   1:25 
Nick Bjugstad            0  0  0   0  0   0  1  0  0  0  1/2     2:05   0:45   0:00 
Pavel Buchnevich         0  1  1   1  0   3  0  0  0  0  1/1    19:18   3:10   0:00 
Ron Hainsey              1  0  1   1  2   1  1  1  0  0  0/0    24:08   2:34   2:02 
Urho Vaakanainen         0  0  0  -1  0   0  2  0  0  0  0/0    14:31   0:00   1:07 
Valtteri Filppula        0  0  0  -1  0   2  0  0  0  0  0/1    15:33   0:00   0:52 
Warren Foegele           0  0  0   0  0   0  0  0  0  0  0/0     3:28   0:00   0:00 
William Karlsson         0  0  0  -1  0   5  0  0  0  0  11/24  20:47   2:47   3:27 

3 Stars

1 - Nikolaj Ehlers (VAN)
2 - Jakub Vrana (VAN)
3 - Petr Mrazek (VAN)

Power Play

VANCOUVER - 1 on 3 Attempt(s) - 33.33%
COLORADO - 0 on 3 Attempt(s) - 0.00%

Penalty Kill

VANCOUVER - 3 on 3 Attempt(s) - 100.00% - Score 0 goal in Penalty Kill
COLORADO - 2 on 3 Attempt(s) - 66.67% - Score 0 goal in Penalty Kill

Team Stat

VANCOUVER - Hits : 20 - Faceoff Wins : 42 - Blocked Shots : 4 - Penalty Minutes : 6
COLORADO - Hits : 15 - Faceoff Wins : 40 - Blocked Shots : 5 - Penalty Minutes : 6

Official

Referees : Justin Kea and Hani Anton
Linesman : Travis Gawryletz and Shane Maloney

Game Notes

No Game Note

Finance

Level 1 -- Attendance: 5308 (88.47%) -- Ticket Income $488,336
Level 2 -- Attendance: 4085 (81.70%) -- Ticket Income $253,270
Level 3 -- Attendance: 2000 (100.00%) -- Ticket Income $68,000
Level 4 -- Attendance: 3037 (75.93%) -- Ticket Income $66,814
Luxury Box -- Attendance: 1000 (100.00%) -- Ticket Income $180,000
Game was played at the Pepsi Center.
Total Attendance: 15430 (85.72%)
Total Ticket Income: $1,056,420
Total Income: $1,056,420

VANCOUVER

5 vs 5 Forward 
   Center                   Left Wing                Right Wing               Time % Phy DF OF 
 1 Nazem Kadri              Jonathan Huberdeau       Mark Stone               35     1   2  2  
 2 Nick Schmaltz            Nikolaj Ehlers           Jakub Vrana              30     1   2  2  
 3 Colton Sissons           Alex Steen               Kevin Labanc             25     1   2  2  
 4 Mark Stone               Brian Boyle              Matt Calvert             10     1   2  2  

5 vs 5 Defense 
   Defense                  Defense                                           Time % Phy DF OF 
 1 Ryan Ellis               Erik Johnson                                      35     1   2  2  
 2 Hampus Lindholm          Sami Vatanen                                      30     1   2  2  
 3 Riley Stillman           Luca Sbisa                                        25     1   2  2  
 4 Dennis Gilbert           Ryan Ellis                                        10     1   2  2  

PowerPlay Forward 
   Center                   Left Wing                Right Wing               Time % Phy DF OF 
 1 Nazem Kadri              Jonathan Huberdeau       Mark Stone               60     1   2  2  
 2 Nick Schmaltz            Nikolaj Ehlers           Jakub Vrana              40     1   2  2  

PowerPlay Defense
   Defense                  Defense                                           Time % Phy DF OF 
 1 Ryan Ellis               Erik Johnson                                      60     1   2  2  
 2 Hampus Lindholm          Sami Vatanen                                      40     1   2  2  

Penalty Kill 4 Players Forward 
   Center                   Wing                     Time % Phy DF OF 
 1 Mark Stone               Jonathan Huberdeau       60     1   2  2  
 2 Nikolaj Ehlers           Jakub Vrana              40     1   2  2  

Penalty Kill 4 Players Defense
   Defense                  Defense                  Time % Phy DF OF 
 1 Ryan Ellis               Erik Johnson             60     1   2  2  
 2 Hampus Lindholm          Sami Vatanen             40     1   2  2  

Penalty Kill - 3 Players Forward 
   Forward                                           Time % Phy DF OF 
 1 Mark Stone                                        60     1   2  2  
 2 Jonathan Huberdeau                                40     1   2  2  

Penalty Kill - 3 Players Defense
   Defense                  Defense                  Time % Phy DF OF 
 1 Ryan Ellis               Erik Johnson             60     1   2  2  
 2 Hampus Lindholm          Sami Vatanen             40     1   2  2  

4 vs 4 Forward 
   Center                   Wing                     Time % Phy DF OF 
 1 Mark Stone               Jonathan Huberdeau       60     1   2  2  
 2 Nikolaj Ehlers           Jakub Vrana              40     1   2  2  

4 vs 4 Defense
   Defense                  Defense                  Time % Phy DF OF 
 1 Ryan Ellis               Erik Johnson             60     1   2  2  
 2 Hampus Lindholm          Sami Vatanen             40     1   2  2  

Last Minutes Offensive
   Center                   Left Wing                Right Wing               Defense                  Defense                  
   Nazem Kadri              Jonathan Huberdeau       Mark Stone               Ryan Ellis               Erik Johnson             

Last Minutes Defensive
   Center                   Left Wing                Right Wing               Defense                  Defense                  
   Nazem Kadri              Jonathan Huberdeau       Mark Stone               Ryan Ellis               Erik Johnson             

Goaltenders
Starting : Petr Mrazek              
Backup : Hunter Miska             

Extra Forwards
Normal : Melker Karlsson, Troy Brouwer, Alex Steen - PP : Melker Karlsson, Troy Brouwer - PK : Alex Steen
Extra Defensemen
Normal : Riley Stillman, Luca Sbisa, Dennis Gilbert - PP : Riley Stillman - PK : Luca Sbisa, Dennis Gilbert
Penalty Shots
Mark Stone, Jonathan Huberdeau, Nikolaj Ehlers, Jakub Vrana, Nazem Kadri

Scratches
Trevor Moore (Healthy), Sheldon Dries (Healthy), VAN Cap Hit (Suspend)

COLORADO

5 vs 5 Forward 
   Center                   Left Wing                Right Wing               Time % Phy DF OF 
 1 Dylan Larkin             Pavel Buchnevich         Artturi Lehkonen         35     1   2  2  
 2 William Karlsson         Leo Komarov              Mikko Koivu              30     1   2  2  
 3 David Krejci             Mattias Janmark          Valtteri Filppula        25     1   2  2  
 4 Mikko Koivu              Warren Foegele           Dylan Larkin             10     1   2  2  

5 vs 5 Defense 
   Defense                  Defense                                           Time % Phy DF OF 
 1 Ron Hainsey              Jonas Brodin                                      35     1   2  2  
 2 Brandon Carlo            Calvin de Haan                                    30     1   2  2  
 3 John Moore               Urho Vaakanainen                                  25     1   2  2  
 4 Frederic Allard          Ron Hainsey                                       10     1   2  2  

PowerPlay Forward 
   Center                   Left Wing                Right Wing               Time % Phy DF OF 
 1 Dylan Larkin             Pavel Buchnevich         Artturi Lehkonen         60     1   2  2  
 2 William Karlsson         Leo Komarov              Mikko Koivu              40     1   2  2  

PowerPlay Defense
   Defense                  Defense                                           Time % Phy DF OF 
 1 Ron Hainsey              Jonas Brodin                                      60     1   2  2  
 2 Brandon Carlo            Calvin de Haan                                    40     1   2  2  

Penalty Kill 4 Players Forward 
   Center                   Wing                     Time % Phy DF OF 
 1 Dylan Larkin             William Karlsson         60     1   2  2  
 2 David Krejci             Mikko Koivu              40     1   2  2  

Penalty Kill 4 Players Defense
   Defense                  Defense                  Time % Phy DF OF 
 1 Ron Hainsey              Jonas Brodin             60     1   2  2  
 2 Brandon Carlo            Calvin de Haan           40     1   2  2  

Penalty Kill - 3 Players Forward 
   Forward                                           Time % Phy DF OF 
 1 Dylan Larkin                                      60     1   2  2  
 2 William Karlsson                                  40     1   2  2  

Penalty Kill - 3 Players Defense
   Defense                  Defense                  Time % Phy DF OF 
 1 Ron Hainsey              Jonas Brodin             60     1   2  2  
 2 Brandon Carlo            Calvin de Haan           40     1   2  2  

4 vs 4 Forward 
   Center                   Wing                     Time % Phy DF OF 
 1 Dylan Larkin             William Karlsson         60     1   2  2  
 2 David Krejci             Mikko Koivu              40     1   2  2  

4 vs 4 Defense
   Defense                  Defense                  Time % Phy DF OF 
 1 Ron Hainsey              Jonas Brodin             60     1   2  2  
 2 Brandon Carlo            Calvin de Haan           40     1   2  2  

Last Minutes Offensive
   Center                   Left Wing                Right Wing               Defense                  Defense                  
   Dylan Larkin             Pavel Buchnevich         Artturi Lehkonen         Ron Hainsey              Jonas Brodin             

Last Minutes Defensive
   Center                   Left Wing                Right Wing               Defense                  Defense                  
   Dylan Larkin             Pavel Buchnevich         Artturi Lehkonen         Ron Hainsey              Jonas Brodin             

Goaltenders
Starting : Carey Price              
Backup : Linus Ullmark            

Extra Forwards
Normal : Nick Bjugstad, Kevin Stenlund, Valtteri Filppula - PP : Nick Bjugstad, Kevin Stenlund - PK : Valtteri Filppula
Extra Defensemen
Normal : John Moore, Urho Vaakanainen, Frederic Allard - PP : John Moore - PK : Urho Vaakanainen, Frederic Allard
Penalty Shots
Dylan Larkin, William Karlsson, David Krejci, Mikko Koivu, Pavel Buchnevich

Scratches
David Pastrnak (Healthy), Givani Smith (Healthy), COL Cap Hit (Suspend)

% Time on Ice - VANCOUVER

Lines # - Real PCT - Wanted PCT - Time Play
Normal Forward
1 - 28% - 35% - 13:53
2 - 32% - 30% - 15:52
3 - 30% - 25% - 14:37
4 - 9% - 10% - 4:28
Normal Defense
1 - 32% - 35% - 15:27
2 - 34% - 30% - 16:27
3 - 28% - 25% - 13:51
4 - 6% - 10% - 3:05
PP Forward
1 - 70% - 60% - 3:38
2 - 30% - 40% - 1:35
PP Defense
1 - 70% - 60% - 3:38
2 - 30% - 40% - 1:35
PK Forward
1 - 66% - 60% - 3:57
2 - 34% - 40% - 2:00
PK Defense
1 - 46% - 60% - 2:43
2 - 54% - 40% - 3:14
PK3 Forward
1 - 0% - 60%
2 - 0% - 40%
PK3 Defense
1 - 0% - 60%
2 - 0% - 40%
44 Forward
1 - 0% - 60%
2 - 0% - 40%
44 Defense
1 - 0% - 60%
2 - 0% - 40%
Last Minute Offensive  - 0:00
Last Minute Defensive  - 0:00
Total
Forward - 60:00
Defense - 60:00

% Time on Ice - COLORADO

Lines # - Real PCT - Wanted PCT - Time Play
Normal Forward
1 - 33% - 35% - 16:08
2 - 30% - 30% - 14:33
3 - 30% - 25% - 14:41
4 - 7% - 10% - 3:28
Normal Defense
1 - 30% - 35% - 14:48
2 - 33% - 30% - 15:53
3 - 27% - 25% - 13:24
4 - 10% - 10% - 4:45
PP Forward
1 - 53% - 60% - 3:10
2 - 47% - 40% - 2:47
PP Defense
1 - 55% - 60% - 3:18
2 - 45% - 40% - 2:39
PK Forward
1 - 73% - 60% - 3:48
2 - 27% - 40% - 1:25
PK Defense
1 - 63% - 60% - 3:16
2 - 37% - 40% - 1:57
PK3 Forward
1 - 0% - 60%
2 - 0% - 40%
PK3 Defense
1 - 0% - 60%
2 - 0% - 40%
44 Forward
1 - 0% - 60%
2 - 0% - 40%
44 Defense
1 - 0% - 60%
2 - 0% - 40%
Last Minute Offensive  - 0:00
Last Minute Defensive  - 0:00
Total
Forward - 60:00
Defense - 60:00

Play-by-Play

1st period


0:01 of 1st period - Nazem Kadri wins face-off versus Dylan Larkin in neutral zone.
0:13 of 1st period - Shot by Dylan Larkin.
0:13 of 1st period - Shot Misses the Net.
0:15 of 1st period - Shot by Jonas Brodin.
0:15 of 1st period - Shot Misses the Net.
0:17 of 1st period - Shot by Dylan Larkin.
0:17 of 1st period - Shot Misses the Net.
0:19 of 1st period - Shot by Pavel Buchnevich.
0:19 of 1st period - Stopped by Petr Mrazek with a rebound.
1:06 of 1st period - Icing by Calvin de Haan.
1:07 of 1st period - William Karlsson wins face-off versus Colton Sissons in COLORADO zone.
1:36 of 1st period - Icing by Calvin de Haan.
1:37 of 1st period - Nick Schmaltz wins face-off versus William Karlsson in COLORADO zone.
1:59 of 1st period - Icing by John Moore.
2:00 of 1st period - David Krejci wins face-off versus Matt Calvert in COLORADO zone.
2:00 of 1st period - David Krejci is hit by Mark Stone.
2:05 of 1st period - Mattias Janmark is hit by Dennis Gilbert and loses puck.
2:14 of 1st period - Ryan Ellis is hit by David Krejci and loses puck.
2:32 of 1st period - Minor Penalty to Dennis Gilbert for Holding.
2:33 of 1st period - Mark Stone wins face-off versus Dylan Larkin in VANCOUVER zone.
2:50 of 1st period - Shot by Dylan Larkin.
2:50 of 1st period - Shot Misses the Net.
2:52 of 1st period - Shot by Jonas Brodin.
2:52 of 1st period - Stopped by Petr Mrazek with a rebound.
2:54 of 1st period - Shot by Artturi Lehkonen.
2:54 of 1st period - Shot Misses the Net.
2:56 of 1st period - Shot by Dylan Larkin.
2:56 of 1st period - Shot Misses the Net.
3:40 of 1st period - Shot by William Karlsson.
3:40 of 1st period - Shot Misses the Net.
3:42 of 1st period - Shot by Calvin de Haan.
3:42 of 1st period - Shot Blocked by Ryan Ellis.
4:31 of 1st period - Off-side.
4:32 of 1st period - Colton Sissons wins face-off versus David Krejci in neutral zone.
4:37 of 1st period - Kevin Labanc is hit by John Moore.
4:41 of 1st period - Shot by Kevin Labanc.
4:41 of 1st period - Stopped by Carey Price without a rebound.
4:42 of 1st period - Nick Schmaltz wins face-off versus David Krejci in COLORADO zone.
5:19 of 1st period - Icing by David Krejci.
5:20 of 1st period - Jonathan Huberdeau wins face-off versus David Krejci in COLORADO zone.
5:46 of 1st period - Icing by Hampus Lindholm.
5:47 of 1st period - Pavel Buchnevich wins face-off versus Nazem Kadri in VANCOUVER zone.
5:54 of 1st period - Shot by Dylan Larkin.
5:54 of 1st period - Shot Misses the Net.
6:27 of 1st period - Pavel Buchnevich is hit by Erik Johnson and loses puck.
6:51 of 1st period - Off-side.
6:52 of 1st period - Nick Schmaltz wins face-off versus William Karlsson in neutral zone.
8:18 of 1st period - Shot by David Krejci.
8:18 of 1st period - Shot Hit the Post.
8:50 of 1st period - Shot by Pavel Buchnevich.
8:50 of 1st period - Shot Blocked by Ryan Ellis.
8:52 of 1st period - Shot by Ron Hainsey.
8:52 of 1st period - Goal by Ron Hainsey - VANCOUVER : 0 - COLORADO : 1.
8:53 of 1st period - Nazem Kadri wins face-off versus Mikko Koivu in neutral zone.
9:03 of 1st period - Ron Hainsey is hit by Nazem Kadri and loses puck.
9:10 of 1st period - Shot by Mikko Koivu.
9:10 of 1st period - Stopped by Petr Mrazek with a rebound.
9:14 of 1st period - Shot by Dylan Larkin.
9:14 of 1st period - Shot Misses the Net.
9:16 of 1st period - Shot by Frederic Allard.
9:16 of 1st period - Stopped by Petr Mrazek without a rebound.
9:17 of 1st period - Dylan Larkin wins face-off versus Nick Schmaltz in VANCOUVER zone.
9:18 of 1st period - Shot by Pavel Buchnevich.
9:18 of 1st period - Stopped by Petr Mrazek without a rebound.
9:19 of 1st period - David Krejci wins face-off versus Nick Schmaltz in VANCOUVER zone.
9:20 of 1st period - Shot by Valtteri Filppula.
9:20 of 1st period - Shot Misses the Net.
9:40 of 1st period - Shot by Mattias Janmark.
9:40 of 1st period - Stopped by Petr Mrazek without a rebound.
9:41 of 1st period - Nazem Kadri wins face-off versus Dylan Larkin in VANCOUVER zone.
11:22 of 1st period - Shot by Kevin Labanc.
11:22 of 1st period - Stopped by Carey Price with a rebound.
11:33 of 1st period - Icing by Brandon Carlo.
11:34 of 1st period - William Karlsson wins face-off versus Mark Stone in COLORADO zone.
12:36 of 1st period - Alex Steen is hit by Urho Vaakanainen and loses puck.
14:47 of 1st period - Icing by Calvin de Haan.
14:48 of 1st period - Alex Steen wins face-off versus William Karlsson in COLORADO zone.
14:59 of 1st period - Shot by Alex Steen.
14:59 of 1st period - Shot Misses the Net.
15:01 of 1st period - Shot by Alex Steen.
15:01 of 1st period - Goal by Alex Steen - VANCOUVER : 1 - COLORADO : 1.
15:02 of 1st period - William Karlsson wins face-off versus Nick Schmaltz in neutral zone.
15:27 of 1st period - Shot by William Karlsson.
15:27 of 1st period - Stopped by Petr Mrazek without a rebound.
15:28 of 1st period - Mikko Koivu wins face-off versus Colton Sissons in VANCOUVER zone.
15:31 of 1st period - Shot by Dylan Larkin.
15:31 of 1st period - Deflect By Mikko Koivu.
15:31 of 1st period - Stopped by Petr Mrazek with a rebound.
15:38 of 1st period - Minor Penalty to Ron Hainsey for Hooking.
15:39 of 1st period - Dylan Larkin wins face-off versus Nazem Kadri in COLORADO zone.
16:05 of 1st period - Shot by Erik Johnson.
16:05 of 1st period - Shot Misses the Net.
16:09 of 1st period - Shot by Mark Stone.
16:09 of 1st period - Stopped by Carey Price without a rebound.
16:10 of 1st period - Dylan Larkin wins face-off versus Nick Schmaltz in COLORADO zone.
16:35 of 1st period - Shot by Jakub Vrana.
16:35 of 1st period - Stopped by Carey Price without a rebound.
16:36 of 1st period - David Krejci wins face-off versus Nazem Kadri in COLORADO zone.
16:36 of 1st period - David Krejci is hit by Nazem Kadri.
17:40 of 1st period - Shot by Mark Stone.
17:40 of 1st period - Shot Misses the Net.
17:43 of 1st period - Icing by Ron Hainsey.
17:44 of 1st period - Nick Schmaltz wins face-off versus Nick Bjugstad in COLORADO zone.
Goals for this period are 1 for VANCOUVER vs 1 for COLORADO.
Shots for this period are 5 for VANCOUVER vs 9 for COLORADO.

2nd period


0:01 of 2nd period - Nazem Kadri wins face-off versus Dylan Larkin in neutral zone.
0:06 of 2nd period - Shot by Mark Stone.
0:06 of 2nd period - Shot Misses the Net.
0:16 of 2nd period - Shot by Erik Johnson.
0:16 of 2nd period - Stopped by Carey Price without a rebound.
0:17 of 2nd period - Nick Schmaltz wins face-off versus William Karlsson in COLORADO zone.
1:14 of 2nd period - Shot by Dylan Larkin.
1:14 of 2nd period - Shot Misses the Net.
1:30 of 2nd period - Minor Penalty to Jonas Brodin for Roughing.
1:31 of 2nd period - Nazem Kadri wins face-off versus Dylan Larkin in COLORADO zone.
1:32 of 2nd period - Shot by Mark Stone.
1:32 of 2nd period - Stopped by Carey Price without a rebound.
1:33 of 2nd period - William Karlsson wins face-off versus Nazem Kadri in COLORADO zone.
2:45 of 2nd period - Shot by Nikolaj Ehlers.
2:45 of 2nd period - Goal by Nikolaj Ehlers - VANCOUVER : 2 - COLORADO : 1.
2:46 of 2nd period - Colton Sissons wins face-off versus David Krejci in neutral zone.
3:09 of 2nd period - Shot by Valtteri Filppula.
3:09 of 2nd period - Stopped by Petr Mrazek without a rebound.
3:10 of 2nd period - Dylan Larkin wins face-off versus Mark Stone in VANCOUVER zone.
3:10 of 2nd period - Dylan Larkin is hit by Dennis Gilbert.
3:12 of 2nd period - Shot by Pavel Buchnevich.
3:12 of 2nd period - Stopped by Petr Mrazek without a rebound.
3:13 of 2nd period - Dylan Larkin wins face-off versus Mark Stone in VANCOUVER zone.
3:41 of 2nd period - Shot by Dylan Larkin.
3:41 of 2nd period - Stopped by Petr Mrazek without a rebound.
3:42 of 2nd period - William Karlsson wins face-off versus Nick Schmaltz in VANCOUVER zone.
3:55 of 2nd period - Shot by Mikko Koivu.
3:55 of 2nd period - Shot Misses the Net.
3:57 of 2nd period - Shot by Leo Komarov.
3:57 of 2nd period - Stopped by Petr Mrazek with a rebound.
4:07 of 2nd period - Shot by William Karlsson.
4:07 of 2nd period - Stopped by Petr Mrazek without a rebound.
4:08 of 2nd period - David Krejci wins face-off versus Colton Sissons in VANCOUVER zone.
4:25 of 2nd period - Shot by Mattias Janmark.
4:25 of 2nd period - Shot Misses the Net.
4:28 of 2nd period - Icing by Alex Steen.
4:29 of 2nd period - Dylan Larkin wins face-off versus Colton Sissons in VANCOUVER zone.
4:38 of 2nd period - Shot by Artturi Lehkonen.
4:38 of 2nd period - Shot Misses the Net.
4:45 of 2nd period - Icing by Sami Vatanen.
4:46 of 2nd period - Colton Sissons wins face-off versus Mikko Koivu in VANCOUVER zone.
4:46 of 2nd period - Hampus Lindholm is hit by Leo Komarov and loses puck.
5:27 of 2nd period - Brandon Carlo is hit by Nazem Kadri and loses puck.
5:39 of 2nd period - Icing by Erik Johnson.
5:40 of 2nd period - Nazem Kadri wins face-off versus Dylan Larkin in VANCOUVER zone.
5:56 of 2nd period - Off-side.
5:57 of 2nd period - David Krejci wins face-off versus Nikolaj Ehlers in neutral zone.
6:12 of 2nd period - Shot by Mattias Janmark.
6:12 of 2nd period - Stopped by Petr Mrazek without a rebound.
6:13 of 2nd period - Mark Stone wins face-off versus Dylan Larkin in VANCOUVER zone.
6:18 of 2nd period - Shot by Dylan Larkin.
6:18 of 2nd period - Shot Blocked by Mark Stone.
7:14 of 2nd period - Shot by William Karlsson.
7:14 of 2nd period - Stopped by Petr Mrazek without a rebound.
7:15 of 2nd period - William Karlsson wins face-off versus Colton Sissons in VANCOUVER zone.
7:18 of 2nd period - Shot by William Karlsson.
7:18 of 2nd period - Stopped by Petr Mrazek without a rebound.
7:19 of 2nd period - William Karlsson wins face-off versus Nick Schmaltz in VANCOUVER zone.
9:09 of 2nd period - Shot by Artturi Lehkonen.
9:09 of 2nd period - Shot Misses the Net.
10:28 of 2nd period - Icing by Brandon Carlo.
10:29 of 2nd period - Nick Schmaltz wins face-off versus William Karlsson in COLORADO zone.
10:30 of 2nd period - Shot by Jakub Vrana.
10:30 of 2nd period - Stopped by Carey Price without a rebound.
10:31 of 2nd period - Nick Schmaltz wins face-off versus David Krejci in COLORADO zone.
10:33 of 2nd period - Nikolaj Ehlers is hit by Urho Vaakanainen and loses puck.
10:38 of 2nd period - Shot by Nikolaj Ehlers.
10:38 of 2nd period - Stopped by Carey Price without a rebound.
10:39 of 2nd period - Dylan Larkin wins face-off versus Nick Schmaltz in COLORADO zone.
11:42 of 2nd period - Shot by David Krejci.
11:42 of 2nd period - Shot Misses the Net.
11:52 of 2nd period - Shot by Valtteri Filppula.
11:52 of 2nd period - Stopped by Petr Mrazek without a rebound.
11:53 of 2nd period - Nazem Kadri wins face-off versus William Karlsson in VANCOUVER zone.
12:17 of 2nd period - Shot by Mikko Koivu.
12:17 of 2nd period - Shot Blocked by Luca Sbisa.
12:20 of 2nd period - William Karlsson is hit by Riley Stillman and loses puck.
12:51 of 2nd period - Shot by Valtteri Filppula.
12:51 of 2nd period - Shot Misses the Net.
13:53 of 2nd period - Shot by Jakub Vrana.
13:53 of 2nd period - Goal by Jakub Vrana - VANCOUVER : 3 - COLORADO : 1.
13:54 of 2nd period - Dylan Larkin wins face-off versus Mark Stone in neutral zone.
14:03 of 2nd period - Ryan Ellis is hit by Jonas Brodin and loses puck.
14:20 of 2nd period - Shot by Matt Calvert.
14:20 of 2nd period - Stopped by Carey Price without a rebound.
14:21 of 2nd period - William Karlsson wins face-off versus Nick Schmaltz in COLORADO zone.
15:32 of 2nd period - Shot by Kevin Labanc.
15:32 of 2nd period - Shot Blocked by Jonas Brodin.
15:34 of 2nd period - Shot by Alex Steen.
15:34 of 2nd period - Stopped by Carey Price with a rebound.
15:36 of 2nd period - Shot by Alex Steen.
15:36 of 2nd period - Stopped by Carey Price without a rebound.
15:37 of 2nd period - David Krejci wins face-off versus Nazem Kadri in COLORADO zone.
16:06 of 2nd period - Shot by Mattias Janmark.
16:06 of 2nd period - Deflect By Valtteri Filppula.
16:06 of 2nd period - Shot Misses the Net.
16:20 of 2nd period - Off-side.
16:21 of 2nd period - Dylan Larkin wins face-off versus Colton Sissons in neutral zone.
16:23 of 2nd period - Calvin de Haan is hit by Colton Sissons and loses puck.
16:58 of 2nd period - Off-side.
16:59 of 2nd period - William Karlsson wins face-off versus Nick Schmaltz in neutral zone.
17:01 of 2nd period - Off-side.
17:02 of 2nd period - Nazem Kadri wins face-off versus William Karlsson in neutral zone.
17:20 of 2nd period - Icing by Mikko Koivu.
17:21 of 2nd period - William Karlsson wins face-off versus Nick Schmaltz in COLORADO zone.
17:31 of 2nd period - Nikolaj Ehlers is hit by Ron Hainsey and loses puck.
17:51 of 2nd period - Nikolaj Ehlers is hit by Jonas Brodin and loses puck.
18:28 of 2nd period - Shot by Jonathan Huberdeau.
18:28 of 2nd period - Shot Misses the Net.
19:30 of 2nd period - Shot by David Krejci.
19:30 of 2nd period - Stopped by Petr Mrazek with a rebound.
Goals for this period are 2 for VANCOUVER vs 0 for COLORADO.
Shots for this period are 9 for VANCOUVER vs 10 for COLORADO.

3rd period


0:01 of 3rd period - Mikko Koivu wins face-off versus Nazem Kadri in neutral zone.
0:18 of 3rd period - Shot by Jonathan Huberdeau.
0:18 of 3rd period - Stopped by Carey Price without a rebound.
0:19 of 3rd period - Nick Schmaltz wins face-off versus Valtteri Filppula in COLORADO zone.
0:29 of 3rd period - Minor Penalty to David Krejci for Interference.
0:30 of 3rd period - Nazem Kadri wins face-off versus Dylan Larkin in COLORADO zone.
0:45 of 3rd period - Shot by Erik Johnson.
0:45 of 3rd period - Stopped by Carey Price without a rebound.
0:46 of 3rd period - Nick Schmaltz wins face-off versus Dylan Larkin in COLORADO zone.
0:49 of 3rd period - Shot by Sami Vatanen.
0:49 of 3rd period - Stopped by Carey Price without a rebound.
0:50 of 3rd period - Nazem Kadri wins face-off versus Dylan Larkin in COLORADO zone.
1:03 of 3rd period - Shot by Erik Johnson.
1:03 of 3rd period - Shot Misses the Net.
1:05 of 3rd period - Shot by Nazem Kadri.
1:05 of 3rd period - Shot Blocked by Brandon Carlo.
1:08 of 3rd period - Nazem Kadri is hit by Calvin de Haan and loses puck.
2:27 of 3rd period - Off-side.
2:28 of 3rd period - Nazem Kadri wins face-off versus Dylan Larkin in neutral zone.
2:55 of 3rd period - Shot by Kevin Labanc.
2:55 of 3rd period - Stopped by Carey Price without a rebound.
2:56 of 3rd period - Nazem Kadri wins face-off versus Mikko Koivu in COLORADO zone.
3:00 of 3rd period - Icing by Calvin de Haan.
3:01 of 3rd period - Nazem Kadri wins face-off versus Mikko Koivu in COLORADO zone.
3:14 of 3rd period - Shot by Jonathan Huberdeau.
3:14 of 3rd period - Shot Misses the Net.
3:20 of 3rd period - Shot by Nazem Kadri.
3:20 of 3rd period - Stopped by Carey Price without a rebound.
3:21 of 3rd period - David Krejci wins face-off versus Nick Schmaltz in COLORADO zone.
3:44 of 3rd period - Shot by Mattias Janmark.
3:44 of 3rd period - Stopped by Petr Mrazek without a rebound.
3:45 of 3rd period - Dylan Larkin wins face-off versus Nazem Kadri in VANCOUVER zone.
4:16 of 3rd period - Shot by Mark Stone.
4:16 of 3rd period - Shot Blocked by Brandon Carlo.
4:18 of 3rd period - Shot by Nazem Kadri.
4:18 of 3rd period - Stopped by Carey Price without a rebound.
4:19 of 3rd period - Nick Schmaltz wins face-off versus William Karlsson in COLORADO zone.
4:25 of 3rd period - Minor Penalty to Nick Schmaltz for Delaying the game.
4:26 of 3rd period - Mark Stone wins face-off versus William Karlsson in VANCOUVER zone.
4:26 of 3rd period - Mark Stone is hit by Leo Komarov.
4:44 of 3rd period - Icing by Leo Komarov.
4:45 of 3rd period - Mark Stone wins face-off versus William Karlsson in COLORADO zone.
4:54 of 3rd period - Shot by Mark Stone.
4:54 of 3rd period - Deflect By Jonathan Huberdeau.
4:54 of 3rd period - Shot Misses the Net.
4:56 of 3rd period - Shot by Jonathan Huberdeau.
4:56 of 3rd period - Shot Misses the Net.
4:58 of 3rd period - Shot by Erik Johnson.
4:58 of 3rd period - Shot Misses the Net.
5:00 of 3rd period - Shot by Erik Johnson.
5:00 of 3rd period - Stopped by Carey Price without a rebound.
5:01 of 3rd period - Dylan Larkin wins face-off versus Mark Stone in COLORADO zone.
5:01 of 3rd period - Dylan Larkin is hit by Mark Stone.
5:26 of 3rd period - Calvin de Haan is hit by Erik Johnson and loses puck.
5:29 of 3rd period - Shot by Calvin de Haan.
5:29 of 3rd period - Stopped by Petr Mrazek without a rebound.
5:30 of 3rd period - William Karlsson wins face-off versus Nikolaj Ehlers in VANCOUVER zone.
6:27 of 3rd period - Shot by Colton Sissons.
6:27 of 3rd period - Stopped by Carey Price without a rebound.
6:28 of 3rd period - David Krejci wins face-off versus Colton Sissons in COLORADO zone.
6:28 of 3rd period - David Krejci is hit by Colton Sissons.
7:03 of 3rd period - Shot by Alex Steen.
7:03 of 3rd period - Stopped by Carey Price with a rebound.
7:25 of 3rd period - Artturi Lehkonen is hit by Colton Sissons and loses puck.
7:45 of 3rd period - Off-side.
7:46 of 3rd period - Nazem Kadri wins face-off versus Mikko Koivu in neutral zone.
8:01 of 3rd period - Shot by William Karlsson.
8:01 of 3rd period - Shot Hit the Post.
8:11 of 3rd period - Shot by Nazem Kadri.
8:11 of 3rd period - Shot Blocked by Ron Hainsey.
8:17 of 3rd period - Shot by Nazem Kadri.
8:17 of 3rd period - Shot Blocked by Jonas Brodin.
8:25 of 3rd period - Shot by Erik Johnson.
8:25 of 3rd period - Stopped by Carey Price without a rebound.
8:26 of 3rd period - Dylan Larkin wins face-off versus Nick Schmaltz in COLORADO zone.
8:35 of 3rd period - Shot by Dylan Larkin.
8:35 of 3rd period - Shot Misses the Net.
8:47 of 3rd period - Shot by Nikolaj Ehlers.
8:47 of 3rd period - Stopped by Carey Price with a rebound.
8:49 of 3rd period - Shot by Jakub Vrana.
8:49 of 3rd period - Stopped by Carey Price with a rebound.
9:14 of 3rd period - Icing by Nikolaj Ehlers.
9:15 of 3rd period - Nick Schmaltz wins face-off versus David Krejci in VANCOUVER zone.
9:15 of 3rd period - Nick Schmaltz is hit by Mattias Janmark.
9:26 of 3rd period - Mattias Janmark is hit by Hampus Lindholm and loses puck.
9:51 of 3rd period - Sami Vatanen is hit by David Krejci and loses puck.
10:31 of 3rd period - Icing by Ryan Ellis.
10:32 of 3rd period - Jonathan Huberdeau wins face-off versus Dylan Larkin in VANCOUVER zone.
11:08 of 3rd period - Off-side.
11:09 of 3rd period - Colton Sissons wins face-off versus William Karlsson in neutral zone.
11:25 of 3rd period - Leo Komarov is hit by Riley Stillman and loses puck.
11:37 of 3rd period - Shot by Mikko Koivu.
11:37 of 3rd period - Stopped by Petr Mrazek without a rebound.
11:38 of 3rd period - David Krejci wins face-off versus Mark Stone in VANCOUVER zone.
12:07 of 3rd period - Shot by Brian Boyle.
12:07 of 3rd period - Deflect By Mark Stone.
12:07 of 3rd period - Stopped by Carey Price with a rebound.
12:09 of 3rd period - Shot by Sami Vatanen.
12:09 of 3rd period - Stopped by Carey Price without a rebound.
12:10 of 3rd period - Nick Schmaltz wins face-off versus Dylan Larkin in COLORADO zone.
12:18 of 3rd period - Ryan Ellis is hit by John Moore and loses puck.
12:24 of 3rd period - Off-side.
12:25 of 3rd period - Colton Sissons wins face-off versus William Karlsson in neutral zone.
12:52 of 3rd period - Icing by Alex Steen.
12:53 of 3rd period - Colton Sissons wins face-off versus Dylan Larkin in VANCOUVER zone.
12:59 of 3rd period - Off-side.
13:00 of 3rd period - Dylan Larkin wins face-off versus Nick Schmaltz in neutral zone.
13:18 of 3rd period - Icing by Ron Hainsey.
13:19 of 3rd period - Dylan Larkin wins face-off versus Nazem Kadri in COLORADO zone.
13:19 of 3rd period - Dylan Larkin is hit by Mark Stone.
13:27 of 3rd period - Shot by Dylan Larkin.
13:27 of 3rd period - Stopped by Petr Mrazek without a rebound.
13:28 of 3rd period - Nazem Kadri wins face-off versus William Karlsson in VANCOUVER zone.
13:44 of 3rd period - Mikko Koivu is hit by Erik Johnson and loses puck.
14:00 of 3rd period - Leo Komarov is hit by Erik Johnson and loses puck.
14:41 of 3rd period - Shot by Jakub Vrana.
14:41 of 3rd period - Stopped by Carey Price without a rebound.
14:42 of 3rd period - Colton Sissons wins face-off versus David Krejci in COLORADO zone.
14:55 of 3rd period - Shot by Colton Sissons.
14:55 of 3rd period - Shot Misses the Net.
14:57 of 3rd period - Shot by Alex Steen.
14:57 of 3rd period - Stopped by Carey Price without a rebound.
14:58 of 3rd period - Mikko Koivu wins face-off versus Nick Schmaltz in COLORADO zone.
15:23 of 3rd period - Shot by Jakub Vrana.
15:23 of 3rd period - Shot Misses the Net.
15:37 of 3rd period - Icing by Ron Hainsey.
15:38 of 3rd period - Nazem Kadri wins face-off versus Mikko Koivu in COLORADO zone.
15:47 of 3rd period - Shot by Jonathan Huberdeau.
15:47 of 3rd period - Shot Misses the Net.
16:00 of 3rd period - Mikko Koivu is hit by Jonathan Huberdeau and loses puck.
16:05 of 3rd period - Ron Hainsey is hit by Nazem Kadri and loses puck.
16:17 of 3rd period - Minor Penalty to Nazem Kadri for Roughing.
16:18 of 3rd period - Nick Bjugstad wins face-off versus Mark Stone in VANCOUVER zone.
16:55 of 3rd period - Erik Johnson is hit by Nick Bjugstad and loses puck.
19:03 of 3rd period - Kevin Labanc is hit by Frederic Allard and loses puck.
19:39 of 3rd period - Shot by William Karlsson.
19:39 of 3rd period - Stopped by Petr Mrazek without a rebound.
19:40 of 3rd period - Dylan Larkin wins face-off versus Mark Stone in VANCOUVER zone.
19:55 of 3rd period - Shot by Mikko Koivu.
19:55 of 3rd period - Shot Misses the Net.
Goals for this period are 0 for VANCOUVER vs 0 for COLORADO.
Shots for this period are 16 for VANCOUVER vs 5 for COLORADO.